 Dungeon Crawl Stone Soup version 0.28.0-43-g3370ac3207 (webtiles) character file.

Game seed: 76744851550233932

1394 pkoi the Zephyrmancer (level 8, -4/46 HPs)
             Began as an Octopode Air Elementalist on Mar 17, 2022.
             Was an Initiate of Hepliaklqana.
             Slain by Duvessa
             ... wielding a +0 short sword
              (11 damage)
             ... on level 6 of the Dungeon.
             The game lasted 00:10:25 (10620 turns).

pkoi the Zephyrmancer (Octopode Air Elementalist)  Turns: 10620, Time: 00:10:25

Health: -4/46      AC:  1    Str:  8    XL:     8   Next: 68%
Magic:  0/12       EV: 17    Int: 25    God:    Hepliaklqana [......]
Gold:   93         SH:  0    Dex: 12    Spells: 0/13 levels left

rFire   . . .      SeeInvis .   n - +2 scimitar (elec)
rCold   . . .      Faith    .   (no shield)
rNeg    . . .      Spirit   .   (helmet restricted)
rPois   .          Reflect  .   (no amulet)
rElec   .          Harm     .   m - +6 ring of intelligence
rCorr   .          Rampage  .   j - +4 ring of evasion
Will    .....                   (no ring)
Stlth   +++.......              (no ring)
HPRegen 0.15/turn               (no ring)
MPRegen 0.13/turn               (no ring)
                                (no ring)
                                (no ring)

@: no status effects
A: almost no armour, amphibious, 8 rings, camouflage 1, gelatinous body 1,
(nimble swimmer 1), tentacles
a: Renounce Religion


You were on level 6 of the Dungeon.
You worshipped Hepliaklqana.
Hepliaklqana was noncommittal.
You visited 2 branches of the dungeon, and saw 7 of its levels.

You collected 197 gold pieces.
You spent 104 gold pieces at shops.

Inventory:

Hand Weapons
 a - a +0 spear
 n - a +2 scimitar of electrocution (weapon)
Missiles
 h - a curare-tipped dart
 p - 13 poisoned darts
Jewellery
 j - a +4 ring of evasion (right tentacle)
 m - a +6 ring of intelligence (left tentacle)
Wands
 f - a wand of flame (16)
Scrolls
 c - 2 scrolls of enchant armour
 k - 2 scrolls of fog
 o - a scroll of amnesia
 r - a scroll of vulnerability {unknown}
 s - a scroll of teleportation
 t - a scroll of identify
Potions
 b - a potion of heal wounds
 d - a potion of mutation
 e - a potion of resistance
 g - a potion of haste
 i - a potion of berserk rage
 l - a potion of flight {unknown}
 q - 3 potions of curing


   Skills:
 - Level 2.0 Dodging
 - Level 2.6 Stealth
 - Level 3.0 Spellcasting
 - Level 1.0 Conjurations
 + Level 2.8 Ice Magic
 + Level 10.1 Air Magic


You couldn't memorise any spells.
You knew the following spells:

 Your Spells              Type           Power      Damage    Failure   Level
a - Shock                 Conj/Air       100%       1d9       1%          1
b - Static Discharge      Conj/Air       31%        N/A       1%          2
c - Swiftness             Air            53%        N/A       1%          3
d - Airstrike             Air            26%        N/A       1%          4
e - Frozen Ramparts       Ice            36%        1d5       10%         3

Your spell library contained the following spells:

 Spells                   Type           Power      Damage    Failure   Level
 Mephitic Cloud           Conj/Pois/Air  22%        N/A       7%          3
 Animate Skeleton         Necr           6%         N/A       10%         1
 Apportation              Tloc           6%         N/A       10%         1
 Summon Small Mammal      Summ           12%        N/A       10%         1
 Ignite Poison            Fire/Tmut/Pois 3%         N/A       30%         3
 Freezing Cloud           Conj/Ice/Air   13%        6-21      38%         5
 Ice Form                 Ice/Tmut       10%        N/A       50%         4
 Summon Ice Beast         Ice/Summ       10%        N/A       50%         4


Dungeon Overview and Level Annotations

Branches:
Dungeon (6/15)             Temple (1/1) D:5

Altars:
Ashenzari
Cheibriados
Dithmenos
Elyvilon
Fedhas
Hepliaklqana
Kikubaaqudgha
Qazlal
Sif Muna
Uskayaw
Wu Jian
Xom
Zin
The Shining One

Shops:
D:4 *

Annotations:
D:6 Duvessa


Innate Abilities, Weirdness & Mutations

You cannot wear most types of armour.
You are amphibious.
You can wear up to eight rings at the same time.
Your skin changes colour to match your surroundings (Stealth+).
Your rubbery body absorbs attacks. (AC +1, EV +1)
((You are camouflaged when in or above water. (Stealth+)))
You have tentacles for arms and can constrict up to eight enemies at once.


Message History

The air twists around and strikes Duvessa!
Duvessa shouts!
Duvessa is heavily wounded.
Duvessa goes berserk!
The air twists around and strikes Duvessa!
Duvessa is severely wounded.
Aiming: Airstrike (dangerous; 1% risk of failure)
Press: ? - help, Q - select action, (/) - cycle Dir - move target, f/p - Duvessa
Aim: Duvessa, wielding a +0 short sword and wearing a +0 leather armour (severely wounded, berserk, empty space bonus: 5/8)
The air twists around and strikes Duvessa!
Duvessa is almost dead.
Duvessa hits you with a +0 short sword!
* * * LOW HITPOINT WARNING * * *
Aiming: Throw Flame
Press: ? - help, Shift-Dir - straight line, f/p - Duvessa
Aim: Duvessa, wielding a +0 short sword and wearing a +0 leather armour (almost dead, berserk, 72% to hit)
The puff of flame misses Duvessa.
Duvessa hits you with a +0 short sword!
* * * LOW HITPOINT WARNING * * *
Duvessa hits you but does no damage.
Unknown command.
Aiming: Throw Flame
Press: ? - help, Shift-Dir - straight line, f/p - Duvessa
Aim: Duvessa, wielding a +0 short sword and wearing a +0 leather armour (severely wounded, berserk, 72% to hit)
The puff of flame hits Duvessa.
Duvessa is almost dead.
Duvessa closely misses you.
Aiming: Throw Flame
Press: ? - help, Shift-Dir - straight line, f/p - Duvessa
Aim: Duvessa, wielding a +0 short sword and wearing a +0 leather armour (almost dead, berserk, 72% to hit)
The puff of flame hits Duvessa.
Duvessa is almost dead.
Duvessa closely misses you. Duvessa hits you with a +0 short sword!
* * * LOW HITPOINT WARNING * * *
Aiming: Throw Flame
Press: ? - help, Shift-Dir - straight line, f/p - Duvessa
Aim: Duvessa, wielding a +0 short sword and wearing a +0 leather armour (almost dead, berserk, 72% to hit)
The puff of flame hits Duvessa.
Duvessa is almost dead.
Duvessa hits you with a +0 short sword!
You die...

... .... ##.... #.[....
#####.......
##...........
#.########..##<.##...#
#.......##.###.....#
#######.@..##[.#####
.######..e...[.[#.+
.†...(..##..)#.##.#
#.##/.............#
#?##..##.......#
................+
.........)........###
......................
.......................


You could see Duvessa (berserk).

Vanquished Creatures
  Prince Ribbit (D:5)
  A sky beast (D:5)
  2 ogres
  A phantom (D:5)
  Blork the orc (D:4)
  A kobold brigand (D:5)
  A wyvern zombie (D:6)
  A scorpion (D:6)
  A water moccasin zombie (D:5)
  Dowan (D:6)
  A bullfrog zombie (D:5)
  A bullfrog skeleton (D:4)
  3 hounds
  An orc priest (D:5)
  2 iguanas
  A scorpion zombie (D:5)
  2 orc wizards (D:5)
  7 adders
  A shadow imp (D:6)
  2 ufetubi
  An adder skeleton (D:4)
  4 worms
  3 dart slugs (D:2)
  13 orcs
  3 ball pythons
  10 endoplasms
  2 giant cockroaches (D:1)
  5 goblins
  5 hobgoblins
  3 jackals (D:5)
  2 quokkas
  3 bats
  6 frilled lizards
  6 kobolds
  2 rats
100 creatures vanquished.

Notes
Turn   | Place    | Note
-------+----------+-------------------------------------------
     0 | D:1      | pkoi the Octopode Air Elementalist began the quest for the
                  | Orb.
     0 | D:1      | Reached XP level 1. HP: 11/11 MP: 3/3
   344 | D:1      | Found a faded altar of an unknown god.
   423 | D:1      | Reached XP level 2. HP: 17/17 MP: 1/5
   646 | D:1      | Learned a level 2 spell: Static Discharge
  1481 | D:2      | Reached skill level 4 in Air Magic
  1481 | D:2      | Reached XP level 3. HP: 11/21 MP: 0/6
  1821 | D:2      | Learned a level 3 spell: Swiftness
  2702 | D:2      | Reached XP level 4. HP: 27/27 MP: 0/7
  3555 | D:3      | Reached skill level 5 in Air Magic
  3671 | D:3      | Reached XP level 5. HP: 31/31 MP: 7/9
  5197 | D:4      | Found Bigusoh's General Store.
  5212 | D:4      | Bought a potion of mutation for 104 gold pieces
  5268 | D:4      | Noticed Blork the orc
  5674 | D:4      | Learned a level 4 spell: Airstrike
  6115 | D:4      | Noticed an ogre
  6382 | D:5      | Entered Level 5 of the Dungeon
  6399 | D:5      | Reached skill level 6 in Air Magic
  6399 | D:5      | Reached XP level 6. HP: 29/36 MP: 5/10
  7223 | D:5      | Reached skill level 7 in Air Magic
  7223 | D:5      | Reached XP level 7. HP: 41/41 MP: 5/11
  7600 | D:4      | Reached skill level 8 in Air Magic
  7701 | D:4      | Killed Blork the orc
  8202 | D:5      | Found a staircase to the Ecumenical Temple.
  8246 | Temple   | Entered the Ecumenical Temple
  8322 | Temple   | Became a worshipper of Hepliaklqana the Forgotten
  8624 | D:5      | Noticed Prince Ribbit
  8636 | D:5      | Killed Prince Ribbit
  8637 | D:5      | Reached skill level 9 in Air Magic
  8637 | D:5      | Reached XP level 8. HP: 21/46 MP: 0/12
  8807 | D:5      | Learned a level 3 spell: Frozen Ramparts
  8895 | D:5      | Reached skill level 1 in Ice Magic
  9575 | D:6      | Noticed Dowan
  9577 | D:6      | Noticed Duvessa
 10162 | D:6      | Killed Dowan
 10331 | D:6      | Reached skill level 10 in Air Magic
 10620 | D:6      | Slain by Duvessa

Illustrated notes

Levels and vault maps discovered:
D:1:      saegor_arrival_simple_c, layout_basic,
          hellmonk_ecumenical_altar_arch_garden
D:2:      layout_basic
D:3:      layout_loops_ring
D:4:      layout_cave_pods, serial_shops, nicolae_shop_crystal,
          uniq_blork_the_orc
D:5:      layout_loops_ring, temple_statues, uniq_prince_ribbit1
D:6:      layout_rooms, mainiacjoe_overflow_six_doors_small, eino_tiny_chamber,
          uniq_duvessa
Temple:   nicolae_temple_the_god_donut

Skill      XL: |  1  2  3  4  5  6  7  8 |
---------------+-------------------------+-----
Air Magic      | 4 5 6 7 9 10 | 10.1
Spellcasting   | 3 |  3.0
Ice Magic      | 2 |  2.8
Dodging        | |  2.0
Stealth        | |  2.6
Conjurations   | |  1.0

Action                   |  1- 3 |  4- 6 |  7- 9 || total
-------------------------+-------+-------+-------++-------
Melee: Spear             |    13 |    16 |    11 ||    40
       Constrict         |     3 |     4 |     3 ||    10
       Tentacles         |     2 |     3 |     4 ||     9
       Scimitar          |       |       |    11 ||    11
       Punch             |       |       |     1 ||     1
 Cast: Shock             |    76 |   125 |    18 ||   219
       Airstrike         |       |       |    40 ||    40
Evoke: Wand              |       |       |     8 ||     8
  Use: Scroll            |       |    11 |       ||    11
       Potion            |       |     1 |       ||     1
Armor: Skin              |       |     1 |     2 ||     3
Dodge: Dodged            |    12 |    31 |    29 ||    72
